 Dungeon Crawl Stone Soup version 0.31-a0-1537-g69dc257577 (webtiles) character file.

Game seed: 10377942920859350443

1642166 RepoMan the Philosopher (level 25, 180/201 (221) HPs)
             Began as a Barachi Alchemist on Dec 31, 2023.
             Was the Champion of Ru.
             Escaped with the Orb
             ... and 3 runes on Jan 1, 2024!
             The game lasted 09:45:44 (67088 turns).

RepoMan the Philosopher (Barachi Alchemist)        Turns: 67088, Time: 09:45:45

HP:   180/201 (221) AC: 12    Str:  7    XL:     25   Next: 7%
MP:   46/49         EV: 15    Int: 38    God:    Ru [******]
Gold: 4107          SH:  0    Dex: 14    Spells: 1/50 levels left

rFire   + + +        e - +5 dagger of Zukeef {flame, rPois rCorr MP+9 Str-4}
rCold   + + +        m - +2 shield of Resistance {rF++ rC++ Will++}
rNeg    + + .        X - +4 ring mail {rN+}
rPois   +            V - -2 hat of the Alchemist {rElec rPois rF+ rC+ rN+ Will+ rMut rCorr}
rElec   +            C - scarf {repulsion}
rCorr   +            h - +1 pair of gloves {Dex+3}
SInv    .            i - +2 pair of boots {Fly}
Will    ++++.        L - amulet of magic regeneration
Stlth   +            l - +6 ring of intelligence
HPRegen 0.53/turn    Z - +6 ring of intelligence
MPRegen 0.71/turn

%: repel missiles, resist mutation
@: confused, exhausted, ambrosia-drunk, unable to hop, flying, drained, slow
A: amphibious, clumsy 1, slowness 1, inability to use devices, hated by all,
inability to train armour, inexperienced 1, strong legs 2, +LOS
0: Orb of Zot
}: 3/15 runes: barnacled, slimy, gossamer
a: Hop, Renounce Religion, Draw Out Power, Power Leap, Apocalypse


You escaped.
You worshipped Ru.
Ru was exalted by your worship.
You visited 11 branches of the dungeon, and saw 52 of its levels.
You visited 1 bazaar.
You also visited: Gauntlet, Ice Cave and Desolation.

You collected 7417 gold pieces.
You spent 3310 gold pieces at shops.

Inventory:

Hand Weapons
 e - the +5 dagger of Zukeef (weapon) {flame, rPois rCorr MP+9 Str-4}
   (You found it on level 5 of the Dungeon)

   Str-4:     It affects your strength (-4).
   rPois:     It protects you from poison MP+9: It affects your magic capacity
   (+9).
   rCorr:     It protects you from acid and corrosion.
Missiles
 F - 3 throwing nets
 S - 10 curare-tipped darts
Armour
 a - a +2 robe of resistance
 f - the +0 mask of the Dragon {Will+ Slay+3 SInv}
   (You acquired it on level 8 of the Dungeon)

   Slay+3:    It affects your accuracy & damage with ranged weapons and melee
   (+3).
   Will+:     It increases your willpower.
   SInv:      It lets you see invisible.
 h - a +1 pair of gloves of dexterity (worn)
 i - a +2 pair of boots of flying (worn)
 m - the +2 shield of Resistance (worn) {rF++ rC++ Will++}
   (You found it in a Gauntlet)

   rF++:      It greatly protects you from fire.
   rC++:      It greatly protects you from cold.
   Will++:    It greatly increases your willpower.
 C - a scarf of repulsion (worn)
 V - the -2 hat of the Alchemist (worn) {rElec rPois rF+ rC+ rN+ Will+ rMut rCorr}
   (You found it on level 3 of the Elven Halls)

   rF+:       It protects you from fire.
   rC+:       It protects you from cold.
   rElec:     It insulates you from electricity.
   rPois:     It protects you from poison rN+: It protects you from negative
   energy.
   Will+:     It increases your willpower.
   rCorr:     It protects you from acid and corrosion.
   rMut:      It protects you from mutation.
 X - a +4 ring mail of positive energy (worn)
Magical Staves
 E - a staff of alchemy
Jewellery
 l - a +6 ring of intelligence (left hand)
 n - the ring of the Present {rC+ SInv}
   (You found it on level 5 of the Pits of Slime)

   [ring of see invisible]

   rC+:       It protects you from cold.
   SInv:      It lets you see invisible.
 q - the ring "Ciwkonast" {rElec Will+ MP+9 Str+3 Int+3}
   (You found it on level 4 of the Shoals)

   [ring of willpower]

   Str+3:     It affects your strength (+3).
   Int+3:     It affects your intelligence (+3).
   rElec:     It insulates you from electricity.
   Will+:     It increases your willpower.
   MP+9:      It affects your magic capacity (+9).
 H - an amulet of regeneration
 J - the ring "Apybbaip" {rF+ Str+3 Int+2}
   (You took it off a merfolk on level 4 of the Shoals)

   [ring of protection from fire]

   Str+3:     It affects your strength (+3).
   Int+2:     It affects your intelligence (+2).
   rF+:       It protects you from fire.
 L - an amulet of magic regeneration (around neck)
 O - the ring "Ynoluc" {rElec rF+ rCorr Str-3 SInv}
   (You took it off a spriggan berserker on level 2 of the Depths)

   [ring of see invisible]

   Str-3:     It affects your strength (-3).
   rF+:       It protects you from fire.
   rElec:     It insulates you from electricity.
   SInv:      It lets you see invisible.
   rCorr:     It protects you from acid and corrosion.
 Q - a ring of flight
 Z - a +6 ring of intelligence (right hand)
Talismans
 z - a talisman of death
Scrolls
 d - 22 scrolls of teleportation
 o - 10 scrolls of enchant armour
 r - 2 scrolls of poison
 s - 3 scrolls of vulnerability
 w - 8 scrolls of fog
 x - 9 scrolls of enchant weapon
 y - a scroll of silence
 D - 9 scrolls of noise
 G - 3 scrolls of brand weapon
 I - 4 scrolls of fear
 N - 4 scrolls of amnesia
 U - 3 scrolls of revelation
 Y - 4 scrolls of immolation
Potions
 b - 13 potions of might
 c - 9 potions of mutation
 g - 8 potions of enlightenment
 j - 16 potions of curing
 k - 2 potions of heal wounds
 p - 5 potions of resistance
 t - 2 potions of attraction
 u - 5 potions of berserk rage
 A - 4 potions of magic
 B - a potion of cancellation
 K - 5 potions of brilliance
 P - 5 potions of lignification
 R - 13 potions of ambrosia
 W - 2 potions of invisibility


   Skills:
 + Level 23.2 Fighting
 - Level 10.0 Short Blades
 + Level 19.0 Dodging
 - Level 9.9 Stealth
 - Level 16.6 Shields
 - Level 13.3 Spellcasting
 - Level 16.6 Conjurations
 - Level 3.3 Translocations
 - Level 3.3 Fire Magic
 - Level 13.3 Earth Magic
 - Level 25.5 Alchemy


You had one spell level left.
You knew the following spells:

 Your Spells              Type           Power      Damage    Failure   Level
b - Blink                 Tloc           100%       N/A       4%          2
f - Fulminant Prism       Conj/Alch      55%        3d24      1%          4
g - Apportation           Tloc           100%       N/A       3%          1
i - Ignite Poison         Fire/Alch      94%        N/A       1%          4
m - Mephitic Cloud        Conj/Alch/Air  93%        N/A       1%          3
p - Petrify               Alch/Erth      100%       N/A       1%          4
q - Sting                 Conj/Alch      100%       1d9       0%          1
s - Sticky Flame          Fire/Alch      94%        2d14      1%          4
t - Olgreb's Toxic Radia  Alch           100%       N/A       0%          4
x - Irradiate             Conj/Alch      55%        3d30      1%          5
y - Yara's Violent Unrav  Hex/Alch       44%        3d17      1%          5
B - Bombard               Conj/Erth      47%        9d8       3%          6
E - Eringya's Noxious Bo  Alch           60%        4d6       1%          6

Your spell library contained the following spells:

 Spells                   Type           Power      Damage    Failure   Level
 Magic Dart               Conj           100%       1d8       0%          1
 Foxfire                  Conj/Fire      100%       2x1d9     1%          1
 Kiss of Death            Conj/Necr      100%       2d13      1%          1
 Sandblast                Erth           100%       2d20      1%          1
 Shock                    Conj/Air       100%       1d9       1%          1
 Necrotise                Necr           100%       1d9       12%         1
 Slow                     Hex            100%       N/A       12%         1
 Alistair's Intoxication  Alch           80%        N/A       0%          5
 Cigotuvi's Dreadful Rot  Necr/Alch/Air  100%       N/A       1%          2
 Mercury Vapours          Alch/Air       100%       N/A       1%          2
 Searing Ray              Conj           100%       2d8       1%          2
 Dazzling Flash           Conj/Hex       100%       N/A       1%          3
 Passwall                 Erth           90%        N/A       1%          3
 Stone Arrow              Conj/Erth      100%       3d13      1%          3
 Brom's Barrelling Bould  Conj/Erth      95%        2d10      1%          4
 Flame Wave               Conj/Fire      79%        2d17      1%          4
 Iskenderun's Mystic Bla  Conj/Tloc      79%        2d16      1%          4
 Leda's Liquefaction      Alch/Erth      53%        N/A       1%          4
 Iskenderun's Battlesphe  Conj           100%       2d15      1%          5
 Lee's Rapid Deconstruct  Erth           45%        3d22*     1%          5
 Fireball                 Conj/Fire      39%        3d16      5%          5
 Gell's Gravitas          Tloc           50%        N/A       9%          3
 Teleport Other           Tloc           50%        N/A       9%          3
 Volatile Blastmotes      Fire/Tloc      100%       2d18      9%          3
 Arcjolt                  Conj/Air       36%        1d46      11%         5
 Orb of Destruction       Conj           50%        9d13      11%         7
 Ensorcelled Hibernation  Hex/Ice        50%        N/A       19%         2
 Jinxbite                 Hex            50%        N/A       19%         2
 Sublimation of Blood     Necr           25%        N/A       19%         2
 Inner Flame              Hex/Fire       37%        N/A       19%         3
 Manifold Assault         Tloc           50%        N/A       30%         4
 Passage of Golubria      Tloc           50%        N/A       30%         4
 Starburst                Conj/Fire      39%        6d11      30%         6
 Freezing Cloud           Conj/Ice/Air   30%        6-21      32%         5
 Confusing Touch          Hex            25%        N/A       34%         3
 Frozen Ramparts          Ice            50%        1d8       34%         3
 Sigil of Binding         Hex            25%        N/A       34%         3
 Swiftness                Air            25%        N/A       34%         3
 Vampiric Draining        Necr           25%        2d7       34%         3
 Airstrike                Air            12%        2d(2-18)  75%         4
 Anguish                  Hex/Necr       12%        N/A       75%         4
 Cause Fear               Hex            12%        N/A       75%         4
 Dispel Undead            Necr           25%        3d12      75%         4
 Lehudib's Crystal Spear  Conj/Erth      47%        10d11     86%         8
 Curse of Agony           Necr           25%        N/A       97%         5
 Metabolic Englaciation   Hex/Ice        12%        N/A       97%         5
 Silence                  Hex/Air        12%        N/A       97%         5
 Dispersal                Tloc           25%        N/A       99%         6
 Plasma Beam              Fire/Air       18%        2x1d30    100%        6
 Enfeeble                 Hex            12%        N/A       100%        7
 Ozocubu's Refrigeration  Ice            12%        4d10      100%        7
 Borgnjor's Revivificati  Necr           12%        N/A       100%        8
 Disjunction              Tloc           25%        N/A       100%        8
 Ignition                 Fire           25%        3d8       100%        8
 Chain Lightning          Conj/Air       36%        3d48      100%        9
 Death's Door             Necr           12%        N/A       100%        9
 Fire Storm               Conj/Fire      39%        8d10      100%        9
 Polar Vortex             Ice            12%        12d1*     100%        9
 Shatter                  Erth           45%        3d35*     100%        9
 Summon Small Mammal      Summ           Unusable   N/A       N/A         1
 Sculpt Simulacrum        Ice/Alch       Unusable   N/A       N/A         6
 Call Imp                 Summ           Unusable   N/A       N/A         2
 Call Canine Familiar     Summ           Unusable   N/A       N/A         3
 Tukima's Dance           Hex            Unusable   N/A       N/A         3
 Summon Blazeheart Golem  Fire/Summ      Unusable   N/A       N/A         4
 Martyr's Knell           Necr/Summ      Unusable   N/A       N/A         4
 Summon Lightning Spire   Summ/Air       Unusable   N/A       N/A         4
 Summon Forest            Summ/Tloc      Unusable   N/A       N/A         5
 Spellforged Servitor     Conj/Summ      Unusable   N/A       N/A         7
 Death Channel            Necr           Unusable   N/A       N/A         6
 Summon Cactus Giant      Summ           Unusable   N/A       N/A         6
 Haunt                    Necr/Summ      Unusable   N/A       N/A         7
 Summon Hydra             Summ           Unusable   N/A       N/A         7

Dungeon Overview and Level Annotations

Branches:
Dungeon (15/15)            Temple (1/1) D:4            Lair (5/5) D:11
 Shoals (4/4) Lair:2       Spider (4/4) Lair:3        Slime (5/5) Lair:4
    Orc (2/2) D:12            Elf (3/3) Orc:2        Vaults (4/5) D:14
  Crypt (0/3) Vaults:2     Depths (4/4) D:15            Zot (5/5) Depths:4
  IceCv (visited)         Desolation (visited)      Gauntlet (visited)

Altars:
Ashenzari
Cheibriados
Dithmenos
Elyvilon
Gozag
Kikubaaqudgha
Makhleb
Nemelex Xobeh
Okawaru
Qazlal
Ru
Sif Muna
Trog
Uskayaw
Vehumet
Wu Jian
Xom
Zin
The Shining One

Shops:
D:2 :   D:8 *(*![   Orc:2 (**   Vaults:1 =   Vaults:2 ?   Vaults:3 (
Vaults:4 [   Depths:1 ?   Depths:2 !([

Portals:
Hell: Depths:1 Depths:2 Depths:3 Depths:4
Abyss: Depths:3
Pandemonium: Depths:2
Ziggurat: Depths:4

Annotations:
D:12 2 transporters, Upridgh's ghost, journeyman VSBr
D:14 4 transporters
Lair:1 1 runed translucent door, zdzicho121's ghost, journeyman GrEE
Lair:4 exclusion: downstairs
Shoals:3 1 runed translucent door, Jyidacok's ghost, adept VSBe
Spider:1 1 runed translucent door, Jannitor's ghost, adept DjDe; Roxanne
Spider:2 3 runed translucent doors, hitsuchi's ghost, adept NaAl
Spider:3 Mlioglotl
Elf:1 1 runed translucent door, PlayingRandomsOnly's ghost, adept DrSh
Elf:2 3 runed translucent doors
Elf:3 1 runed translucent door
Vaults:2 2 transporters
Vaults:3 3 runed translucent doors, TuffENuff's ghost, veteran FoFi
Depths:1 exclusion: downstairs
Depths:2 1 transporter
Zot:4 exclusion: downstairs


Innate Abilities, Weirdness & Mutations

You are amphibious.
You are clumsy. (Dex -2)
You cover ground slowly.
You cannot study or use magical devices.
You are hated by all.
You cannot train Armour skill.
You are somewhat inexperienced. (-1 XL)
You can hop long distances.
You have an extended range of vision and can be seen from far away.


Message History

Casting: Yara's Violent Unravelling (mildly dangerous; 1% risk of failure)
Confirm with . or Enter, or press ? or * to list all spells.
Aiming: Yara's Violent Unravelling (mildly dangerous; 1% risk of failure)
Press: ? - help, Dir - move target, f - Ucoboqa
Aim: Ucoboqa (almost dead, slow, misshapen and mutated) Ucoboqa's magical effects unravel!
The enchantments explode!
Ucoboqa twists and deforms.
The unravelling engulfs Ucoboqa!!
You kill Ucoboqa!
Your Dodging skill increases to level 19!
Hop to where?
Press: ? - help, Dir - move target Boing!
The helpless cacodemon fails to defend itself.
You spit the cacodemon like a pig!!!! You burn the cacodemon!
You kill the cacodemon!
Your noxious spew wanes.
An orange demon comes into view.
The orange demon moves out of view.
You feel your willpower return.
Casting: Yara's Violent Unravelling (mildly dangerous; 1% risk of failure)
Confirm with . or Enter, or press ? or * to list all spells.
Aiming: Sticky Flame (safe; 1% risk of failure)
Press: ? - help, Shift-Dir - straight line, f - endoplasm
Aim: an endoplasm The sticky flame hits the endoplasm!!
You kill the endoplasm!
There is a large open door here.
Casting: Sticky Flame (safe; 1% risk of failure)
Confirm with . or Enter, or press ? or * to list all spells.
Casting: Eringya's Noxious Bog (safe; 1% risk of failure)
Press: ? - help, Dir - look around, f - activate You spew toxic sludge!
Blink to where?
Press: ? - help, Dir - move target
As you read the scroll of blinking, it crumbles to dust.
You are confused.
You feel invigorated.
The orange demon festers in the toxic bog!!
The orange demon looks as sick as possible!
You have escaped!

#4.......##.....#.....#......##.
#........##.....#.....#.........
#........##.....#....>#####.....
#.#########.....#.....# #.....
#.#...###########.....# #.....
#.#...#8≈≈≈§§§§8#.....# #.....
#...#.#.~~~~~§..#.....# #.....
##..#.#.~~~~~...####### #.....
#..#.'~4~.8...@# ###...
##.#.'~~~.8....# #...
#.#.#.~~~~~...# #...
#.#.#.~~~~~...# ###.
#...#8≈≈≈≈≈≈≈8# #.
#...########### #. ##### #. #.
#.


You could see an orange demon (extremely poisoned).

Vanquished Creatures
  the Royal Jelly (Slime:5)
  2 orbs of fire
  2 ancient liches (Zot:5)
  Sojobo (Vaults:2)
  3 Killer Klowns (Zot:5)
  Margery (Vaults:4)
  2 golden dragons
  Nikola (Vaults:2)
  Arachne (Spider:4)
  Norris (Vaults:2)
  A hellephant (Vaults:4)
  3 electric golems
  11 tentacled monstrosities
  A pandemonium lord (D:1)
  17 Orb Guardians
  3 liches
  A titan (Depths:2)
  Asterion (Depths:1)
  2 deep elf blademasters (Elf:3)
  2 deep elf master archers (Elf:3)
  3 quicksilver dragons
  2 sphinxes
  18 acid blobs
  An ancient champion (Vaults:2)
  12 death cobs
  4 tengu reavers
  Agnes (D:14)
  Aizul (Spider:2)
  13 storm dragons
  4 shadow dragons
  Donald (Spider:1)
  15 azure jellies
  6 protean progenitors
  13 rockslimes
  4 draconian knights
  8 fire giants
  2 emperor scorpions
  2 draconian monks (Zot:1)
  13 frost giants
  3 draconian shifters
  10 draconian scorchers
  An iron dragon (Depths:2)
  3 deep elf sorcerers (Elf:3)
  An imperial myrmidon (Desolation)
  6 ghost moths
  8 vault wardens
  2 deep elf elementalists (Elf:3)
  2 broodmothers
  20 very ugly things
  An orc warlord (Orc:1)
  5 draconian annihilators
  A demonspawn corrupter (D:9)
  2 spriggan defenders (Depths:2)
  A cacodemon (D:1)
  11 quicksilver oozes
  14 ironbound preservers
  7 draconian stormcallers
  7 ironbound thunderhulks
  12 stone giants
  11 green draconians
  2 vampire knights
  6 deep elf death magi
  3 formless jellyfish
  6 deep elf demonologists (Elf:3)
  9 red draconians
  6 black draconians
  A minotaur (Gauntlet)
  8 yellow draconians
  A halazid warlock (Desolation)
  6 white draconians
  2 deep elf annihilators (Elf:3)
  12 dire elephants
  5 spark wasps
  3 purple draconians
  9 ettins
  A blizzard demon (D:1)
  An eidolon (Vaults:2)
  2 crystal guardians (Vaults:4)
  3 ragged hierophants (Desolation)
  4 merfolk javelineers
  A jiangshi (Vaults:2)
  9 merfolk impalers
  15 fire dragons
  6 yaktaur captains
  Josephine (Spider:1)
  4 deep elf high priests
  8 great orbs of eyes
  8 entropy weavers
  3 rakshasas (Depths:2)
  11 vault guards
  6 peacekeepers
  A servant of whispers (Desolation)
  3 hydras
  Harold (D:11)
  4 spriggan air magi
  Erolcha (D:10)
  A catoblepas (Lair:1)
  Erica (D:8)
  12 ice dragons
  12 ironbound frosthearts
  5 merfolk aquamancers
  8 centaur warriors
  4 jorogumos
  5 merfolk avatars
  2 radroaches (Spider:3)
  14 dancing weapons
  3 satyrs
  5 death yaks (Lair:4)
  6 two-headed ogres
  3 alligator snapping turtles
  5 tengu warriors
  7 deep troll earth magi
  8 boulder beetles
  6 demonic crawlers
  2 hell hogs (Depths:3)
  10 deep troll shamans
  5 spriggan berserkers
  A soul eater (Depths:3)
  An orc high priest (Orc:2)
  9 iron trolls
  15 hell knights
  7 skysharks
  The ghost of jazmu the Skirmisher, a novice DgHu (D:8)
  10 deep elf knights
  10 skeletal warriors
  5 pharaoh ants
  A goliath frog (Lair:5)
  The ghost of losten the Ducker, a novice DsGl of Makhleb (D:6)
  13 sea snakes
  A flayed ghost (Depths:3)
  A shadow demon (D:9)
  55 slime creatures
  18 orb spiders
  2 bog bodies (IceCv)
  7 glowing orange brains
  10 ironbound convokers
  76 deep trolls
  11 lindwurms
  8 deep elf archers
  6 necromancers
  12 arcanists
  10 deep elf zephyrmancers
  A sun moth (Spider:4)
  2 phantasmal warriors (Depths:3)
  27 harpies
  20 deep elf pyromancers
  7 steelbarb worms
  21 wolf spiders
  3 orc knights
  56 ugly things
  9 cyclopes
  11 manticores
  A frost giant zombie (Depths:1)
  7 meliai
  2 shining eyes
  16 fauns
  Maurice (D:7)
  27 moths of wrath
  2 oklob plants
  4 guardian serpents
  4 kobold blastminers (Orc:2)
  A rust devil (D:3)
  2 black mambas
  8 merfolk sirens
  A guardian serpent (shapeshifter) (Depths:3)
  2 ice statues
  An elephant (shapeshifter) (Vaults:1)
  The ghost of NoAnimeNoLife the Ruffian, a novice DrSh of Wu Jian (D:6)
  3 elephants (Lair:4)
  2 eyes of devastation
  6 water nymphs
  4 torpor snails
  A large abomination (D:1)
  11 vault sentinels
  21 cane toads
  A hellion (D:9)
  2 gargoyles
  2 unseen horrors
  4 centaur skeletons (D:14)
  Jeremiah (D:8)
  3 rime drakes
  2 anaconda simulacra (IceCv)
  10 komodo dragons
  20 yaktaurs
  3 ice devils
  2 freezing wraiths
  3 kobold demonologists
  5 tengu conjurers
  A red devil (D:9)
  A hellwing (D:1)
  2 polar bears
  2 hornets (Depths:1)
  7 trolls
  3 tyrant leeches
  26 tarantellas
  26 merfolk
  A queen bee (D:10)
  6 wind drakes
  A troll (shapeshifter) (D:15)
  2 spriggan zombies (Depths:1)
  A snapping turtle (shapeshifter) (Depths:1)
  5 snapping turtles
  36 blink frogs
  5 dream sheep (Lair:5)
  3 glass eyes (Depths:2)
  25 saltlings
  18 jumping spiders
  4 shadows
  15 culicivoras
  A harpy (shapeshifter) (Depths:4)
  A vampire (D:11)
  58 yaks
  3 centaur simulacra (D:15)
  A spriggan (Depths:1)
  A ynoxinul (D:13)
  2 air elementals
  6 wraiths
  4 wyverns
  9 water elementals
  Grum (D:11)
  2 wargs
  58 redbacks
  5 golden eyes (Slime:5)
  4 basilisks
  2 steam dragons
  A basilisk (shapeshifter) (Depths:2)
  13 vampire mosquitoes
  2 death yak simulacra (IceCv)
  A harpy simulacrum (IceCv)
  A swamp worm (shapeshifter) (Depths:3)
  A hell hound (D:8)
  2 acid dragons
  16 water moccasins
  An ice beast (D:6)
  2 sky beasts
  28 orc warriors
  3 laughing skulls (Gauntlet)
  4 ogres
  2 black bears
  An ettin simulacrum (Depths:1)
  17 centaurs
  3 boggarts (Vaults:1)
  24 wolves
  2 phantoms
  6 kobold brigands
  A weeping skull (Gauntlet)
  26 bullfrogs
  A gnoll sergeant (D:12)
  5 two-headed ogre simulacra (IceCv)
  7 scorpions
  2 cane toad simulacra (IceCv)
  12 wights
  37 killer bees
  2 elephant simulacra (IceCv)
  An electric eel (Elf:3)
  5 howler monkeys
  10 hounds
  A jelly (D:6)
  10 orc priests
  A gnoll bouda (D:5)
  3 sleepcaps
  2 iguanas
  21 orc wizards
  5 spriggan simulacra (IceCv)
  13 hell rats
  3 polar bear simulacra (IceCv)
  3 troll simulacra (IceCv)
  A wolf simulacrum (IceCv)
  11 gnolls
  A naga simulacrum (IceCv)
  8 adders
  A shadow imp (D:5)
  11 white imps
  14 ufetubi
  5 dart slugs
  A ribbon worm (shapeshifter) (Elf:2)
  75 orcs
  8 endoplasms
  3 giant cockroaches (D:1)
  8 goblins
  10 hobgoblins
  5 jackals
  22 kobolds
  2 quokkas
  4 ball pythons
  4 bats
  5 frilled lizards
  3 rats
  4 aspiring fleshes (Zot:3)
  A boulder (Depths:3)
  A butterfly (Lair:2)
  3 fulminant prisms
2098 creatures vanquished.

Vanquished Creatures (collateral kills)
  A torpor snail (Spider:1)
  A spriggan (Depths:1)
  15 boulders
17 creatures vanquished.

Vanquished Creatures (others)
  An Orb Guardian (Zot:5)
  A sphinx (Depths:2)
  An eldritch tentacle (Zot:5)
  A vault warden (Vaults:4)
  A quicksilver ooze (Slime:5)
  A deep elf elementalist (Elf:3)
  A purple draconian (Zot:1)
  A red draconian (Zot:4)
  An ettin (Depths:1)
  A yaktaur captain (Vaults:2)
  A peacekeeper (Vaults:4)
  A centaur warrior (D:14)
  A pharaoh ant (Spider:2)
  A deep troll (Vaults:1)
  A deep elf zephyrmancer (Elf:3)
  An orc sorcerer (Orc:2)
  4 lightning spires (Elf:3)
  A harpy (Shoals:4)
  A moth of wrath (Zot:2)
  A hellion (Depths:3)
  A tarantella (Spider:4)
  A slime creature (Slime:4)
  A jumping spider (Spider:4)
  A water elemental (Elf:3)
  An orc wizard (Orc:1)
  18 boulders
  180 fulminant prisms
226 creatures vanquished.

Grand Total: 2341 creatures vanquished

Notes
Turn   | Place    | Note
-------+----------+-------------------------------------------
     0 | D:1      | RepoMan the Barachi Alchemist began the quest for the Orb.
     0 | D:1      | Reached XP level 1. HP: 13/13 MP: 3/3
   128 | D:1      | Reached XP level 2. HP: 19/19 MP: 0/5
   154 | D:1      | Learned a level 2 spell: Mercury Vapours
   250 | D:1      | Reached skill level 4 in Alchemy
   403 | D:1      | Reached XP level 3. HP: 24/24 MP: 2/6
   525 | D:1      | Learned a level 1 spell: Apportation
  1023 | D:2      | Reached skill level 5 in Alchemy
  1023 | D:2      | Reached XP level 4. HP: 24/30 MP: 0/7
  1470 | D:2      | Found Miogin's Book Emporium.
  1605 | D:3      | Reached XP level 5. HP: 28/35 MP: 4/8
  1615 | D:3      | Learned a level 4 spell: Olgreb's Toxic Radiance
  1765 | D:3      | Reached skill level 6 in Alchemy
  1869 | D:3      | Found a burning altar of Makhleb.
  1945 | D:3      | Found a bloodstained altar of Trog.
  2347 | D:4      | Found a staircase to the Ecumenical Temple.
  2580 | D:4      | Reached XP level 6. HP: 41/41 MP: 7/10
  2949 | D:4      | Reached skill level 7 in Alchemy
  3022 | D:4      | Reached XP level 7. HP: 47/47 MP: 6/12
  3073 | D:4      | Identified the +10 chain mail of the Hanged Man {Harm rC+
                  | Will+}
  3245 | Temple   | Entered the Ecumenical Temple
  3258 | Temple   | Became a worshipper of Ru the Awakened
  3312 | D:4      | Found a shimmering altar of Xom.
  3317 | D:4      | Found a blossoming altar of Fedhas.
  3324 | D:4      | Found a basalt altar of Yredelemnul.
  3486 | D:4      | Reached skill level 1 in Fighting
  3535 | D:5      | Entered Level 5 of the Dungeon
  3821 | D:5      | Identified the +5 dagger of Zukeef {flame, rPois rCorr MP+9
                  | Str-4}
  3920 | D:5      | Reached skill level 8 in Alchemy
  4332 | D:5      | Found a hide-covered altar of Uskayaw.
  4335 | D:5      | Found a snail-covered altar of Cheibriados.
  4338 | D:5      | Found an iron altar of Okawaru.
  4488 | D:5      | Gained mutation: You are somewhat inexperienced. (-1 XL)
                  | [Ru sacrifice]
  4488 | D:5      | Reached XP level 6. HP: 35/46 MP: 19/21
  4488 | D:5      | Reached * piety under Ru
  4809 | D:5      | Learned a level 3 spell: Mephitic Cloud
  4828 | D:5      | Reached XP level 7. HP: 30/52 MP: 7/13
  4966 | D:6      | Reached skill level 9 in Alchemy
  5308 | D:6      | Found a runed translucent gate.
  5309 | D:6      | Found a runed translucent gate.
  5310 | D:6      | Found a runed translucent gate.
  5312 | D:6      | Noticed losten's ghost (novice DsGl)
  5313 | D:6      | Noticed NoAnimeNoLife's ghost (novice DrSh)
  5557 | D:6      | Found a shadowy altar of Dithmenos.
  5724 | D:6      | Reached skill level 10 in Alchemy
  5820 | D:6      | Noticed a kobold demonologist
  5829 | D:6      | Noticed an ice devil
  5833 | D:6      | Killed a kobold demonologist
  5833 | D:6      | Noticed a skeletal warrior
  5834 | D:6      | Reached skill level 5 in Fighting
  5834 | D:6      | Reached XP level 8. HP: 55/62 MP: 10/14
  6031 | D:7      | Reached skill level 11 in Alchemy
  6304 | D:7      | Noticed Maurice
  6517 | D:7      | Found a runed translucent door.
  6549 | D:7      | Found a runed translucent door.
  6549 | D:7      | Found a runed translucent door.
  6711 | D:7      | Found a runed translucent door.
  6712 | D:7      | Found a runed translucent door.
  6712 | D:7      | Found a runed translucent door.
  6929 | D:8      | Found a transporter.
  6954 | D:8      | Found Mocruz's Antique Weapon Boutique.
  6977 | D:8      | Noticed Jeremiah
  7001 | D:8      | Killed Jeremiah
  7002 | D:8      | Reached skill level 12 in Alchemy
  7116 | D:8      | Found Sumoqyof's General Store.
  7120 | D:8      | Bought 3 scrolls of noise for 33 gold pieces
  7120 | D:8      | Bought a +1 helmet for 126 gold pieces
  7226 | D:8      | Found a white marble altar of Elyvilon.
  7260 | D:8      | Found a transporter.
  7260 | D:8      | Noticed jazmu's ghost (novice DgHu)
  7417 | D:8      | Gained mutation: You are hated by all. [Ru sacrifice]
  7417 | D:8      | Reached ** piety under Ru
  7417 | D:8      | Reached *** piety under Ru
  7428 | D:8      | Noticed a cyclops
  7447 | D:8      | Noticed Erica
  7460 | D:8      | Killed Erica
  7461 | D:8      | Reached skill level 5 in Spellcasting
  7461 | D:8      | Reached XP level 9. HP: 43/72 MP: 7/16
  7608 | D:8      | Found Muasoole's Assorted Antiques.
  7617 | D:8      | Bought a potion of curing for 93 gold pieces
  7617 | D:8      | Bought a scroll labelled CIGRYT LASM for 31 gold pieces
  7792 | D:8      | Reached skill level 5 in Dodging
  7899 | D:8      | Found Neclud's Antique Armour Emporium.
  7916 | D:8      | Found Etumimih's Distillery.
  7925 | D:8      | Bought a potion of invisibility for 104 gold pieces
  7925 | D:8      | Bought a potion of brilliance for 52 gold pieces
  8078 | D:9      | Noticed a two-headed ogre
  8207 | D:9      | Reached skill level 13 in Alchemy
  8615 | D:9      | Noticed a two-headed ogre
  8634 | D:9      | Killed a two-headed ogre
  8699 | D:9      | Found an opulent altar of Gozag.
  8706 | D:9      | Reached XP level 10. HP: 80/82 MP: 19/19
  8828 | D:9      | Found a stormy altar of Qazlal.
  9113 | D:9      | Identified the ring of Zuaquat {rElec Will+ Str-4 Int+6}
  9230 | D:10     | Entered Level 10 of the Dungeon
  9230 | D:10     | Noticed a two-headed ogre
  9302 | D:9      | Learned a level 4 spell: Petrify
  9380 | D:9      | Learned a level 4 spell: Sticky Flame
  9559 | D:10     | Reached skill level 14 in Alchemy
  9619 | D:10     | Noticed Erolcha
  9762 | D:10     | Found a shimmering blue altar of Sif Muna.
  9819 | D:10     | Killed a two-headed ogre
  9957 | D:10     | Killed Erolcha
 10509 | D:11     | Noticed Harold
 10511 | D:11     | Noticed a boulder beetle
 10526 | D:11     | Killed Harold
 10527 | D:11     | Reached skill level 15 in Alchemy
 10531 | D:11     | Killed a boulder beetle
 10696 | D:11     | Noticed Grum
 10718 | D:11     | Killed Grum
 10825 | D:11     | Found a staircase to the Lair.
 10825 | D:11     | Noticed a cyclops
 10836 | D:11     | Reached XP level 11. HP: 90/90 MP: 18/20
 11196 | D:11     | Reached skill level 16 in Alchemy
 11370 | D:11     | Noticed a boulder beetle
 11378 | D:11     | Killed a boulder beetle
 11766 | Lair:1   | Entered Level 1 of the Lair of Beasts
 12068 | Lair:1   | Found a runed translucent door.
 12069 | Lair:1   | Noticed zdzicho121's ghost (journeyman GrEE)
 12072 | Lair:1   | Identified the +0 spear of Contention {drain, rN+}
 12676 | Lair:1   | Noticed a catoblepas
 12693 | Lair:1   | Killed a catoblepas
 12694 | Lair:1   | Reached skill level 17 in Alchemy
 13483 | Lair:2   | Found a staircase to the Shoals.
 13805 | Lair:2   | Reached skill level 18 in Alchemy
 13805 | Lair:2   | Reached XP level 12. HP: 77/95 MP: 4/21
 14172 | Lair:2   | You fall into a shaft and drop 2 floors!
 14206 | Lair:4   | Reached skill level 10 in Fighting
 14490 | Lair:3   | Found a frozen archway.
 14615 | IceCv    | Entered an ice cave
 15841 | IceCv    | Reached skill level 10 in Dodging
 15893 | IceCv    | Reached skill level 1 in Fire Magic
 15893 | IceCv    | Reached skill level 1 in Earth Magic
 16327 | Lair:3   | Found a hide-covered altar of Uskayaw.
 16426 | Lair:3   | Reached skill level 19 in Alchemy
 16580 | Lair:3   | Found a hole to the Spider Nest.
 17992 | Lair:4   | Gained mutation: You can hop long distances. [Barachi
                  | growth]
 17992 | Lair:4   | Reached XP level 13. HP: 94/106 MP: 25/25
 18047 | Lair:4   | Found a staircase to the Slime Pits.
 18719 | Lair:5   | Entered Level 5 of the Lair of Beasts
 18881 | Lair:4   | Reached skill level 1 in Short Blades
 19819 | Lair:5   | Reached skill level 20 in Alchemy
 20595 | Lair:5   | Gained mutation: You cannot train Armour skill. [Ru
                  | sacrifice]
 20595 | Lair:5   | Reached **** piety under Ru
 21178 | D:8      | Bought a pair of embroidered gloves for 202 gold pieces
 21203 | D:8      | Bought a potion of mutation for 104 gold pieces
 21203 | D:8      | Bought a potion of curing for 39 gold pieces
 21203 | D:8      | Bought a potion of resistance for 130 gold pieces
 21203 | D:8      | Bought a potion of resistance for 130 gold pieces
 21361 | D:2      | Bought a book of Minor Magic for 176 gold pieces
 21364 | D:2      | Learned a level 2 spell: Blink
 21801 | D:6      | Killed losten's ghost
 21802 | D:6      | Reached XP level 14. HP: 116/116 MP: 16/27
 21812 | D:6      | Killed NoAnimeNoLife's ghost
 21895 | D:7      | Killed Maurice
 21998 | D:7      | Reached skill level 1 in Translocations
 22220 | D:8      | Killed jazmu's ghost
 22309 | D:8      | Identified a scroll of acquirement
 22310 | D:8      | Acquired the +0 mask of the Dragon {Will+ Slay+3 SInv}
 22310 | D:8      | Found the +0 mask of the Dragon {Will+ Slay+3 SInv}
 22420 | D:12     | Found a transporter.
 22427 | D:12     | Noticed Upridgh's ghost (journeyman VSBr)
 22450 | D:12     | Found a transporter.
 22475 | D:12     | Found a staircase to the Orcish Mines.
 22537 | Orc:1    | Entered Level 1 of the Orcish Mines
 22854 | Orc:2    | Entered Level 2 of the Orcish Mines
 22854 | Orc:2    | Noticed an orc warlord
 22876 | Orc:1    | Killed an orc warlord
 23191 | Orc:2    | Found Codoergh's Assorted Antiques.
 23191 | Orc:2    | Found Qaopputhro's Antique Weapon Shop.
 23195 | Orc:2    | Found a staircase to the Elven Halls.
 23213 | Orc:2    | Found Gumolis's General Store.
 23217 | Orc:2    | Bought a scroll of teleportation for 42 gold pieces
 23217 | Orc:2    | Bought a scroll of identify for 28 gold pieces
 23318 | Orc:2    | Reached skill level 5 in Short Blades
 23614 | Orc:2    | Found Cimniq's Assorted Antiques.
 23623 | Orc:2    | Bought a scroll of teleportation for 102 gold pieces
 23623 | Orc:2    | Bought a potion of magic for 272 gold pieces
 24969 | D:13     | Reached skill level 21 in Alchemy
 25842 | D:14     | Noticed Agnes
 25853 | D:14     | Killed Agnes
 25857 | D:14     | Found a transporter.
 25887 | D:14     | Found a transporter.
 25902 | D:14     | Found a gate leading to a gauntlet.
 25907 | Gauntlet | Entered a Gauntlet
 25907 | Gauntlet | Found a runed translucent door.
 25907 | Gauntlet | Found a transporter.
 25907 | Gauntlet | Found a runed translucent door.
 25908 | Gauntlet | Found a transporter.
 25911 | Gauntlet | Found a transporter.
 25925 | Gauntlet | Found a transporter.
 25929 | Gauntlet | Found a transporter.
 25934 | Gauntlet | Found a transporter.
 25950 | Gauntlet | Found a transporter.
 25957 | Gauntlet | Found the +2 shield of Resistance {rF++ rC++ Will++}
 25960 | Gauntlet | Found a transporter.
 25969 | Gauntlet | Found a runed translucent gate.
 25970 | Gauntlet | Found a transporter.
 25970 | Gauntlet | Found a runed translucent gate.
 25971 | Gauntlet | Found a runed translucent gate.
 25984 | Gauntlet | Found a transporter.
 25993 | Gauntlet | Found a transporter.
 25995 | Gauntlet | Found a transporter.
 26131 | Gauntlet | Found a transporter.
 26145 | Gauntlet | Gained mutation: You cannot study or use magical devices.
                  | [Ru sacrifice]
 26145 | Gauntlet | Reached ***** piety under Ru
 26186 | Gauntlet | Found a transporter.
 26308 | Gauntlet | Reached skill level 1 in Shields
 26311 | Gauntlet | Identified the staff "Dieriami" {*Slow rPois rN+ Int-3
                  | Necro Earth}
 26335 | D:14     | Found a transporter.
 26369 | D:14     | Found a transporter.
 26839 | D:14     | Reached skill level 5 in Shields
 26878 | D:14     | Reached XP level 15. HP: 108/124 MP: 28/28
 27115 | D:14     | Found a gate to the Vaults.
 27329 | D:15     | Entered Level 15 of the Dungeon
 27858 | D:15     | Found a staircase to the Depths.
 28445 | Spider:1 | Entered Level 1 of the Spider Nest
 28525 | Spider:1 | Noticed Josephine
 28606 | Spider:1 | Noticed Donald
 28611 | Spider:1 | Killed Josephine
 28620 | Spider:1 | Killed Donald
 28785 | Spider:1 | Gained mutation: You are clumsy. (Dex -2) [Ru sacrifice]
 28785 | Spider:1 | Reached ****** piety under Ru
 28855 | Spider:1 | Reached skill level 10 in Shields
 29247 | Spider:1 | Noticed Roxanne
 29297 | Spider:1 | Found a runed translucent door.
 29298 | Spider:1 | Found a shimmering altar of Xom.
 29298 | Spider:1 | Noticed Jannitor's ghost (adept DjDe)
 29648 | Spider:2 | Reached skill level 5 in Stealth
 29882 | Spider:2 | Reached XP level 16. HP: 100/131 MP: 27/29
 30287 | Spider:2 | Found a runed translucent gate.
 30288 | Spider:2 | Found a runed translucent gate.
 30290 | Spider:2 | Found a runed translucent gate.
 30290 | Spider:2 | Noticed hitsuchi's ghost (adept NaAl)
 31182 | Spider:3 | Noticed Mlioglotl
 31199 | Spider:2 | Learned a level 5 spell: Alistair's Intoxication
 31283 | Spider:3 | Identified the serpent talisman of Resonance {Slay+2}
 31283 | Spider:3 | Noticed Aizul
 31303 | Spider:4 | Entered Level 4 of the Spider Nest
 31546 | Spider:2 | Killed Aizul
 32262 | Spider:4 | Reached skill level 10 in Short Blades
 32610 | Spider:4 | Noticed Arachne
 32633 | Spider:4 | Killed Arachne
 32831 | Spider:4 | Got a gossamer rune of Zot
 32876 | Spider:4 | Reached XP level 17. HP: 45/139 MP: 30/30
 33157 | Shoals:1 | Entered Level 1 of the Shoals
 33383 | Shoals:1 | Found a shimmering altar of Xom.
 33415 | Shoals:1 | Upgraded the game from 0.31-a0-1529-g7bd419a0e5 to
                  | 0.31-a0-1537-g69dc257577
 34930 | Shoals:2 | Reached skill level 5 in Earth Magic
 35306 | Shoals:3 | Found a runed translucent door.
 35307 | Shoals:3 | Noticed Jyidacok's ghost (adept VSBe)
 36362 | Shoals:3 | Found a runed translucent door.
 36470 | Shoals:3 | Acquired Great Wizards, Vol. VII
 36478 | Shoals:3 | Learned a level 5 spell: Yara's Violent Unravelling
 36479 | Shoals:3 | Acquired a Fen Folio
 36489 | Shoals:3 | Learned a level 6 spell: Eringya's Noxious Bog
 36737 | Shoals:4 | Entered Level 4 of the Shoals
 37208 | Shoals:4 | Identified the ring "Apybbaip" {rF+ Str+3 Int+2}
 37668 | Shoals:4 | Reached XP level 18. HP: 105/146 MP: 14/31
 37915 | Shoals:4 | Identified the ring "Ciwkonast" {rElec Will+ MP+9 Str+3
                  | Int+3}
 37985 | Shoals:4 | Reached skill level 22 in Alchemy
 38007 | Shoals:4 | Identified the staff "Eviscerator" {*Corrode rPois Str+3
                  | Stlth+ Alchemy}
 38117 | Shoals:4 | Got a barnacled rune of Zot
 38462 | Elf:1    | Entered Level 1 of the Elven Halls
 38566 | Vaults:1 | Entered Level 1 of the Vaults
 38810 | Vaults:1 | Found Imueh's Jewellery Shoppe.
 40225 | Vaults:1 | Reached skill level 15 in Fighting
 40779 | Vaults:2 | Noticed Sojobo
 40919 | Vaults:2 | Killed Sojobo
 40920 | Vaults:2 | Reached skill level 23 in Alchemy
 41021 | Vaults:2 | Reached skill level 15 in Shields
 41133 | Vaults:2 | Reached XP level 19. HP: 146/155 MP: 32/32
 41273 | Vaults:2 | Noticed Norris
 41423 | Vaults:2 | Killed Norris
 41712 | Vaults:2 | Noticed Nikola
 41732 | Vaults:2 | Killed Nikola
 41818 | Vaults:2 | Found a staircase to the Crypt.
 42027 | Vaults:2 | Found a transporter.
 42067 | Vaults:2 | Found a transporter.
 42653 | Vaults:2 | Found Foineuq's Magic Scroll Shop.
 42672 | Vaults:2 | Bought a scroll of fog for 68 gold pieces
 42672 | Vaults:2 | Bought a scroll of teleportation for 51 gold pieces
 42672 | Vaults:2 | Bought a scroll of teleportation for 51 gold pieces
 42672 | Vaults:2 | Bought a scroll of vulnerability for 68 gold pieces
 42672 | Vaults:2 | Bought a scroll of silence for 161 gold pieces
 42925 | Vaults:3 | Found Lofaor's Weapon Emporium.
 42984 | Vaults:3 | Identified the +9 morningstar of Objectivity {flame, Dex+3
                  | Stlth+}
 43484 | Vaults:3 | Reached skill level 10 in Earth Magic
 43596 | Vaults:3 | Found a runed translucent gate.
 43596 | Vaults:3 | Found a runed translucent gate.
 43597 | Vaults:3 | Found a runed translucent gate.
 43597 | Vaults:3 | Noticed TuffENuff's ghost (veteran FoFi)
 43598 | Vaults:3 | Found an iron altar of Okawaru.
 44331 | Vaults:4 | Reached XP level 20. HP: 154/167 MP: 33/33
 44332 | Vaults:4 | Found Gehyob's Armour Boutique.
 44337 | Vaults:4 | Reached skill level 15 in Dodging
 45059 | Vaults:4 | Noticed Margery
 45071 | Vaults:4 | Reached skill level 5 in Conjurations
 45072 | Vaults:4 | Killed Margery
 45692 | Depths:1 | Entered Level 1 of the Depths
 45716 | Depths:1 | Found a gateway to Hell.
 45726 | Depths:1 | Reached skill level 10 in Spellcasting
 45899 | Depths:1 | Found The Oracle's Delphic Readings.
 45994 | Depths:1 | Found a flickering gateway to a bazaar.
 46004 | Bazaar   | Entered a bazaar
 46006 | Bazaar   | Found Subocinla's Jewellery Shoppe.
 46019 | Bazaar   | Found Zoemapt's Book Emporium.
 46025 | Bazaar   | Found Wimofrus's General Store.
 46034 | Bazaar   | Bought a potion of heal wounds for 60 gold pieces
 46063 | Bazaar   | Found Towiys's Weapon Shop.
 46101 | Bazaar   | Bought a book of Spontaneous Combustion for 380 gold pieces
 46101 | Bazaar   | Bought a book of Blasting for 280 gold pieces
 46107 | Bazaar   | Learned a level 4 spell: Fulminant Prism
 46114 | Bazaar   | Learned a level 5 spell: Irradiate
 46969 | Depths:2 | Noticed Asterion
 47110 | Depths:1 | Killed Asterion
 47295 | Depths:2 | Found a transporter.
 47430 | Depths:2 | Found a transporter.
 47476 | Depths:2 | Identified the ring of Divine Compulsion {rPois rF- Str+3
                  | SInv}
 47597 | Depths:2 | Reached XP level 21. HP: 149/174 MP: 35/35
 47638 | Depths:2 | Identified the ring "Usuteul" {rElec rF+ Int-5 Dex+5}
 47804 | Depths:2 | Found a one-way gate leading to the halls of Pandemonium.
 47953 | Depths:2 | Found Qumuky's Antique Armour Shop.
 47957 | Depths:2 | Identified the ring "Ynoluc" {rElec rF+ rCorr Str-3 SInv}
 48126 | Depths:2 | Reached skill level 10 in Conjurations
 48234 | Depths:2 | Noticed a golden dragon
 48248 | Depths:2 | Killed a golden dragon
 48380 | Depths:2 | Found Cyurghal's Antique Weapon Boutique.
 48581 | Depths:2 | Identified the ring of Maemaop {rC+++ Will- Str-4 Slay+6
                  | SInv}
 48583 | Depths:2 | Found Qiso's Distillery.
 48597 | Depths:2 | Bought a potion of brilliance for 68 gold pieces
 48597 | Depths:2 | Bought a potion of curing for 51 gold pieces
 48597 | Depths:2 | Bought a potion of curing for 51 gold pieces
 48597 | Depths:2 | Bought a potion of mutation for 136 gold pieces
 48597 | Depths:2 | Bought a potion of heal wounds for 85 gold pieces
 48718 | Depths:3 | Learned a level 4 spell: Brom's Barrelling Boulder
 49756 | Depths:3 | You are sucked into a shaft and drop 1 floor!
 49756 | Depths:4 | Entered Level 4 of the Depths
 50335 | Depths:3 | Found a one-way gate to the infinite horrors of the Abyss.
 50538 | Depths:4 | Reached XP level 22. HP: 183/183 MP: 38/38
 50930 | Depths:4 | Found a one-way gateway to a ziggurat.
 51007 | Depths:4 | Found a gate to the Realm of Zot.
 51050 | Depths:4 | Noticed a golden dragon
 51078 | Depths:4 | Killed a golden dragon
 52162 | Orc:2    | Bought a scroll of amnesia for 136 gold pieces
 52170 | Orc:2    | Learned a level 6 spell: Bombard
 52316 | Elf:1    | Found a runed translucent door.
 52316 | Elf:1    | Found a shimmering altar of Xom.
 52316 | Elf:1    | Noticed PlayingRandomsOnly's ghost (adept DrSh)
 52316 | Elf:1    | Identified the +4 demon trident of Jagok {chaos, rF+ Str-5
                  | Dex+3 SInv}
 52913 | Elf:2    | Found a crumbling gateway.
 52934 | Desolati | Entered the Desolation of Salt
 53083 | Desolati | Reached skill level 24 in Alchemy
 53364 | Elf:2    | Found a runed translucent gate.
 53369 | Elf:2    | Found a runed translucent gate.
 53371 | Elf:2    | Found a runed translucent gate.
 53876 | Elf:3    | Entered Level 3 of the Elven Halls
 54132 | Elf:3    | Found a runed translucent door.
 54746 | Elf:3    | Got the Thoughts on Pyromania
 55407 | Elf:3    | Paralysed by an air elemental for 1 turns
 55510 | Elf:3    | Reached XP level 23. HP: 198/198 MP: 37/40
 55696 | Elf:3    | Found the -2 hat of the Alchemist {rElec rPois rF+ rC+ rN+
                  | Will+ rMut rCorr}
 55703 | Elf:3    | Identified the +0 rapier "Qomiompa" {flame, rN++ Will+}
 55720 | Elf:3    | Found the +2 Maxwell's thermic engine {flame, freeze, rev}
 55738 | Elf:3    | Identified the staff "Hydraslayer" {rC+ Str+2 Ice}
 55739 | Elf:3    | Identified the staff of the Fray {rPois rN++ Str+3 Int-5
                  | Alchemy}
 55753 | Elf:3    | Got the Papyrus of Hoarfrost and Jinxing
 55759 | Elf:3    | Identified the +1 ring mail of Parlour Games {rF+ rC+ Str+2
                  | Dex-2}
 56709 | Slime:1  | Entered Level 1 of the Pits of Slime
 56881 | Slime:5  | Entered Level 5 of the Pits of Slime
 57058 | Slime:5  | Noticed the Royal Jelly
 58396 | Slime:5  | Killed the Royal Jelly
 58523 | Slime:5  | Identified the +5 sling of the Enchanted Forest {flame,
                  | rPois Int+3}
 58527 | Slime:5  | Got a slimy rune of Zot
 58551 | Slime:5  | Identified the ring of the Present {rC+ SInv}
 58557 | Slime:5  | Identified the +2 robe "Orruq" {*Corrode rF+ Archmagi}
 58570 | Slime:5  | Got the Volume of Bile
 58629 | Slime:5  | Got Sif Muna's Handbook of Ill-fated Attacks
 58638 | Slime:5  | Identified the +9 arbalest "Jimilys" {penet, rF+ Stlth+}
 58648 | Slime:5  | Identified the +2 spear of Bedazzling Execution {holy,
                  | rCorr Int+2}
 59068 | Zot:1    | Entered Level 1 of the Realm of Zot
 59576 | Zot:1    | Identified the +5 trident of Objectivity {heavy, rF++ Int-5
                  | Stlth+}
 59632 | Zot:1    | Reached skill level 25 in Alchemy
 61381 | Zot:2    | Reached skill level 15 in Conjurations
 61771 | Zot:2    | Learned a level 4 spell: Ignite Poison
 62201 | Zot:2    | Reached XP level 24. HP: 153/208 MP: 32/40
 64457 | Zot:4    | Noticed an orb of fire
 64464 | Zot:4    | Killed an orb of fire
 64932 | Zot:4    | Learned a level 1 spell: Sting
 65286 | Zot:5    | Entered Level 5 of the Realm of Zot
 65738 | Zot:5    | Found a stormy altar of Qazlal.
 65978 | Zot:5    | Noticed a Killer Klown
 65984 | Zot:5    | Noticed a Killer Klown
 65984 | Zot:5    | Noticed an ancient lich
 65986 | Zot:5    | Noticed an orb of fire
 65986 | Zot:5    | Killed a Killer Klown
 65992 | Zot:5    | Noticed a Killer Klown
 66000 | Zot:5    | Killed an ancient lich
 66006 | Zot:5    | Killed an orb of fire
 66015 | Zot:5    | Killed a Killer Klown
 66017 | Zot:5    | Killed a Killer Klown
 66313 | Zot:5    | Noticed an ancient lich
 66320 | Zot:5    | Killed an ancient lich
 66464 | Zot:5    | Got the Orb of Zot
 66755 | D:13     | Reached XP level 25. HP: 122/219 MP: 37/40
 67057 | D:1      | Noticed Ucoboqa the pandemonium lord
 67063 | D:1      | Killed Ucoboqa the pandemonium lord
 67088 | D:$      | Escaped with the Orb!

Illustrated notes

Levels and vault maps discovered:
D:1:      lightli_arrival_noodles, layout_basic, minmay_pentomino_z2
D:2:      layout_rooms, serial_shops, nicolae_shop_just_a_little_nook
D:3:      layout_loops_ring, bloody_makhleb, mainiacjoe_overflow_brackets,
          dreamdust_princess_corridor
D:4:      layout_basic, minmay_overflow_temple_star_quad, temple_doors_e,
          hangedman_minor_gate_pass
D:5:      layout_basic, grunt_temple_overflow_diamond, nicolae_fountain_basement
D:6:      kennysheep_windowed_halls, layout_loops_ring,
          nicolae_dithmenos_through_a_glass_darkly, gammafunk_ghost_cemetery
D:7:      layout_loops_ring, lightli_church_of_beogh, uniq_maurice
D:8:      layout_loops_ring, kennysheep_mini, gammafunk_ghost_arena,
          serial_shops, nicolae_shop_back_alley_shop, shop_fountains,
          nicolae_shop_just_a_little_nook, nicolae_shop_pleasant_corner_grove,
          nicolae_stop_n_shop_2, chequers_jeans, lightli_corner_chamber,
          uniq_erica, uniq_jeremiah
D:9:      layout_basic, grunt_qazlal_clouds, nicolae_gozag_seed_capital
D:10:     layout_cave_pools, kennysheep_mini_moat, special_room
          [special_room_bee], uniq_erolcha
D:11:     layout_rooms, due_lair_maze_entry_diamond, grunt_ministairs_7,
          uniq_grum, uniq_harold
D:12:     layout_basic, gammafunk_ghost_stat_death
D:13:     layout_loops_cross, minmay_misc_feat_alley
D:14:     layout_irregular_city, hangedman_vaults_entry_quadrant_bands,
          gauntlet_entry_generic, nicolae_diode_intersection, uniq_agnes
D:15:     grunt_enter_depths_hoard, layout_rooms, serial_bayou_pond_a,
          minmay_fractal_squares_gapless_5
Temple:   dpeg_three_leaves_temple
Lair:1:   layout_loops_ring, ebering_ghost_funeral_grove, serial_bayou_shore_b
Lair:2:   layout_cave_shapes, shoals_dummy_entry, lemuel_fruit_fields,
          serial_bayou_shore_b
Lair:3:   layout_concentric_octagons, nicolae_spider_entry_orb_guardian,
          basic_altar, portal_ice_cave_demonic_guard
Lair:4:   layout_big_grid, slime_entry_1, bobbens_ice_dragon_lair
Lair:5:   minmay_lair_end_frog_pond, layout_cave_pods, st_stairs_10,
          infiniplex_staircase_pool_2
Shoals:1: layout_shoals, lemuel_centaur_altar
Shoals:2: layout_shoals, uniq_polyphemus
Shoals:3: nicolae_shoals_offshore_bank_account, layout_shoals,
          ebering_ghost_inner_flame
Shoals:4: shoals_end_grunt_ice, layout_shoals
Spider:1: layout_spider_delve, ebering_ghost_xom, uniq_roxanne, uniq_donald,
          uniq_josephine
Spider:2: layout_cave_pods, gammafunk_ghost_necromancy,
          nicolae_spider_not_touching_you, nicolae_spider_cling_halls
Spider:3: layout_chambers, uniq_mlioglotl, uniq_aizul
Spider:4: johnstein_spider_rune_arachne_lair
Slime:1:  layout_caves
Slime:2:  cheibrodos_slime_lost_civilization_1, layout_caves
Slime:3:  layout_caves
Slime:4:  layout_caves
Slime:5:  slime_pit_nicolae_block_by_block, uniq_dissolution
Orc:1:    layout_caves, basic_altar
Orc:2:    st_orc_rangers, layout_caves, serial_shops,
          nicolae_shop_overgrown_old_shop
Elf:1:    layout_loops_cross, ebering_ghost_xom, grunt_ministairs_13,
          nicolae_elf_w_pinch, lemuel_upstairs_altar
Elf:2:    elven_hall_of_blades_hangedman_original
          [nicolae_blade_entry_crossed_weapons], layout_loops_cross,
          portal_desolation_entry_salt
Elf:3:    elf_hall, layout_geoelf_castle, hangedman_aerie_drop
Vaults:1: v_misc_2, hangedman_vaults_river_flow, v_misc_1, v_misc_4,
          nicolae_vaults_trapezoid_4, nicolae_vaults_frosty_reception, v_misc_5,
          nicolae_vaults_murder_corner, vaults_room_semicircle,
          layout_vaults_omnigrid, serial_shops, shop
Vaults:2: v_misc_15, nicolae_vaults_sightless_eye,
          nicolae_vaults_border_crossing, gammafunk_dig_for_victory, v_misc_3,
          vaults_room_fours, minmay_crypt_entry_simple_plaza, v_misc_30,
          v_misc_1, ontoclasm_vaults_loading_screen,
          nicolae_vaults_diagonal_hallway_8, vaults_dpeg_encased_lava,
          nicolae_vaults_house_1, nicolae_vaults_tangram_2, serial_ice_m,
          nicolae_vaults_trapezoid_lopsided_4, nicolae_vaults_little_squares_1,
          nicolae_vaults_little_squares_4, nicolae_vaults_lightning_bolt,
          layout_vaults_omnibox, serial_shops, shop, uniq_sojobo, uniq_norris,
          uniq_nikola
Vaults:3: gammafunk_ghost_fury_of_okawaru, nicolae_vaults_prndl,
          nicolae_vaults_diamond_2, v_misc_13,
          nicolae_vaults_storage_room_doors, nicolae_vaults_little_squares_4,
          grunt_vaults_twisty, v_misc_4, ontoclasm_vaults_eye,
          nicolae_vaults_diamond_1, layout_vaults_big_room, serial_shops,
          nicolae_shop_bloodbath_and_beyond
Vaults:4: nicolae_vaults_tetromino_L_1, nicolae_vaults_trapezoid_lopsided_4,
          nicolae_vaults_meiosis, vaults_room_corners, nicolae_vaults_cochlea,
          nicolae_vaults_offset_grid_hallway_4, nicolae_vaults_little_squares_3,
          nicolae_vaults_diamond_1, v_misc_10, vaults_room_hallway,
          ontoclasm_vaults_decontamination, layout_vaults_omnicross,
          serial_shops, shop, uniq_margery
Depths:1: layout_roguey, serial_shops, bzr_firewalk, serial_bayou_pond_a,
          hell_entry, nicolae_nh_oracle_at_delphi, serial_bayou_shore_b
Depths:2: hangedman_spin_cycle, hell_entry, serial_shops, pan_entry,
          uniq_asterion
Depths:3: wad_guarded_room, layout_basic, minmay_misc_feat_hallway, hellmouth_1,
          abyss_entry_small_statue_room
Depths:4: grunt_x_marks_the_spot, layout_long_grid, enter_ziggurat_b,
          minmay_strange_pillars, pf_coc_iceberg
Zot:1:    layout_basic, regret_index_zotdec_stipple_waver
Zot:2:    layout_gridlike
Zot:3:    layout_gridlike
Zot:4:    nicolae_zot_stationary_front, layout_gridlike, bh_zot_levy_curve,
          grunt_ministairs_2, nicolae_lava_and_water, grunt_megastairs_2
Zot:5:    layout_misc_corridors, basic_altar, nicolae_tricolors

Skill      XL: |  1  2  3  4  5  6  7  8  9 10 11 12 13 14 15 16 17 18 19 20 21 22 23 24 25 |
---------------+----------------------------------------------------------------------------+-----
Stealth        | 2 5 8 9 |  9.9
Alchemy        | 4 5 6 7 10 12 13 15 18 19 20 21 23 24 25 | 25.5
Spellcasting   | 3 4 5 6 8 9 10 12 13 | 13.3
Fighting       | 3 5 7 8 9 11 12 13 14 15 16 17 20 21 23 | 23.2
Dodging        | 4 6 8 9 10 11 12 13 14 15 16 18 19 | 19.0
Fire Magic     | 2 3 |  3.3
Earth Magic    | 2 9 10 11 13 | 13.3
Short Blades   | 3 6 8 10 | 10.0
Translocations | 2 3 |  3.3
Shields        | 5 11 14 15 16 | 16.6
Conjurations   | 3 8 13 15 16 | 16.6

Action                     |  1- 3 |  4- 6 |  7- 9 | 10-12 | 13-15 | 16-18 | 19-21 | 22-24 | 25-27 || total
---------------------------+-------+-------+-------+-------+-------+-------+-------+-------+-------++-------
  Melee: Unarmed           |     2 |       |       |       |       |       |       |       |       ||     2
         Short sword       |    17 |    13 |       |       |       |       |       |       |       ||    30
         Staff             |       |    11 |     2 |       |       |       |       |       |       ||    13
         Dagger            |       |       |    93 |   228 |   528 |   514 |   537 |   596 |     5 ||  2501
         Punch             |       |       |     1 |     4 |     9 |       |       |       |       ||    14
  Throw: Stone             |       |       |     1 |       |       |       |       |       |       ||     1
         Dart              |       |       |     1 |     2 |     1 |     1 |     1 |       |       ||     6
         Throwing net      |       |       |       |     1 |     3 |       |     3 |       |       ||     7
   Cast: Sting             |    41 |    94 |   172 |   129 |   238 |   119 |    12 |     6 |       ||   811
         Mercury Vapours   |       |     3 |     4 |     2 |    16 |     9 |       |       |       ||    34
         Olgreb's Toxic Ra |       |     2 |    45 |    82 |   154 |   172 |    63 |    85 |       ||   603
         Apportation       |       |     1 |       |    12 |    13 |    10 |     6 |    15 |       ||    57
         Mephitic Cloud    |       |       |    14 |    33 |    61 |    70 |    48 |    34 |       ||   260
         Sticky Flame      |       |       |       |   130 |   195 |   106 |    42 |    26 |     4 ||   503
         Petrify           |       |       |       |    37 |   114 |   156 |   218 |   216 |     1 ||   742
         Blink             |       |       |       |       |     2 |     1 |       |       |       ||     3
         Alistair's Intoxi |       |       |       |       |       |    10 |     1 |       |       ||    11
         Yara's Violent Un |       |       |       |       |       |    23 |    88 |    75 |     4 ||   190
         Eringya's Noxious |       |       |       |       |       |    26 |    78 |    56 |     3 ||   163
         Fulminant Prism   |       |       |       |       |       |       |    59 |   123 |     2 ||   184
         Irradiate         |       |       |       |       |       |       |    20 |    64 |     1 ||    85
         Brom's Barrelling |       |       |       |       |       |       |    27 |    12 |       ||    39
         Bombard           |       |       |       |       |       |       |       |   110 |    10 ||   120
         Ignite Poison     |       |       |       |       |       |       |       |    48 |       ||    48
 Invoke: Sacrifice Experie |       |     1 |       |       |       |       |       |       |       ||     1
         Sacrifice Love    |       |       |     1 |       |       |       |       |       |       ||     1
         Reject Sacrifices |       |       |       |     2 |     1 |       |       |       |       ||     3
         Draw Out Power    |       |       |       |     3 |     2 |     9 |     7 |     5 |       ||    26
         Sacrifice Durabil |       |       |       |       |     1 |       |       |       |       ||     1
         Power Leap        |       |       |       |       |     1 |     2 |     1 |     3 |     1 ||     8
         Sacrifice Artific |       |       |       |       |     1 |       |       |       |       ||     1
         Apocalypse        |       |       |       |       |     1 |       |       |     3 |     1 ||     5
         Sacrifice Purity  |       |       |       |       |     1 |       |       |       |       ||     1
Ability: Hop               |       |     3 |     5 |     6 |    18 |    20 |    10 |    18 |     2 ||    82
  Evoke: Wand              |       |     9 |     5 |     8 |    25 |       |       |       |       ||    47
    Use: Scroll            |       |     7 |    10 |    10 |    13 |    10 |     7 |     9 |     4 ||    70
         Potion            |       |     2 |     3 |       |     5 |     8 |     1 |    15 |     3 ||    37
   Stab: Paralysed         |       |       |     2 |     3 |     7 |     9 |     3 |     5 |     1 ||    30
         Confused          |       |       |     1 |     1 |    13 |     8 |    18 |     2 |       ||    43
         Petrified         |       |       |       |    64 |   195 |   126 |   155 |   138 |     1 ||   679
         Sleeping          |       |       |       |     3 |     2 |     9 |     7 |    13 |       ||    34
         Petrifying        |       |       |       |     1 |     6 |    25 |    34 |    52 |     1 ||   119
         Invisible         |       |       |       |       |     2 |     4 |       |     6 |       ||    12
         Distracted        |       |       |       |       |     1 |     1 |     2 |     2 |       ||     6
         Held in net/web   |       |       |       |       |     1 |       |     5 |       |       ||     6
 Armour: Robe              |    16 |    29 |    76 |   172 |   283 |   342 |   215 |    81 |       ||  1214
         Skin              |       |       |    19 |       |       |       |       |       |       ||    19
         Ring mail         |       |       |       |       |       |       |       |   386 |     6 ||   392
  Dodge: Dodged            |    14 |    23 |    92 |   166 |   314 |   238 |   203 |   248 |     3 ||  1301
         Repelled          |       |       |       |       |     6 |    14 |     7 |    31 |     1 ||    59
  Block: Other             |       |       |       |    18 |       |       |       |       |       ||    18
         Reflection        |       |       |       |     1 |       |       |       |       |       ||     1
         Kite shield       |       |       |       |       |    88 |   373 |   300 |   381 |     3 ||  1145

Table legend: (Time is in decaauts)
 A = Elapsed time spent in this place.
 B = Non-inter-level travel time spent in this place.
 C = Inter-level travel time spent in this place.
 D = Time resting spent in this place.
 E = Time spent auto-exploring this place.
 F = Levels seen in this place.
 G = Mean time per level.
                   A        B        C        D        E       F      G
               +--------+--------+--------+--------+--------+-----+--------+
         Total |  74063 |  68233 |   5830 |  15085 |  27887 |  56 | 1322.6 |
       Dungeon |  20933 |  18579 |   2354 |   2628 |   9526 |  15 | 1395.5 |
        Temple |     31 |     17 |     14 |      0 |      0 |   1 |   31.0 |
          Lair |   9145 |   8311 |    834 |   2718 |   3226 |   5 | 1829.0 |
        Shoals |   5507 |   5333 |    174 |   1010 |   2459 |   4 | 1376.8 |
   Spider Nest |   4831 |   4542 |    289 |   1417 |   1289 |   4 | 1207.8 |
    Slime Pits |   2137 |   2119 |     18 |    896 |      0 |   5 |  427.4 |
  Orcish Mines |   1834 |   1464 |    370 |     73 |    661 |   2 |  917.0 |
   Elven Halls |   4342 |   4075 |    267 |    644 |   2068 |   3 | 1447.3 |
        Vaults |   7908 |   7371 |    537 |    895 |   3534 |   4 | 1977.0 |
        Depths |   6942 |   6480 |    462 |   1588 |   1929 |   4 | 1735.5 |
           Zot |   8068 |   7562 |    506 |   2184 |   3191 |   5 | 1613.6 |
        Bazaar |    136 |    136 |      0 |      0 |      0 |   1 |  136.0 |
      Ice Cave |   1644 |   1644 |      0 |    904 |      0 |   1 | 1644.0 |
    Desolation |    161 |    161 |      0 |      0 |      0 |   1 |  161.0 |
      Gauntlet |    437 |    437 |      0 |    125 |      0 |   1 |  437.0 |
               +--------+--------+--------+--------+--------+-----+--------+

Top non-repeatable levels by time:
Vaults:1: 2508 daAuts
   Elf:3: 2395 daAuts
  Lair:4: 2356 daAuts
Vaults:2: 2226 daAuts
Spider:2: 2056 daAuts
  Lair:2: 1972 daAuts
Depths:2: 1962 daAuts
     D:8: 1923 daAuts
Depths:3: 1906 daAuts
  Lair:1: 1900 daAuts
   Zot:1: 1894 daAuts
     D:6: 1835 daAuts
Vaults:4: 1753 daAuts
Shoals:3: 1711 daAuts
   Zot:2: 1677 daAuts
